 Dungeon Crawl Stone Soup version 0.28.0-62-gf88900778d (webtiles) character file.

Game seed: 1153013999786420973

5 Nonny the Gusty (level 1, -1/9 HPs)
             Began as a Vine Stalker Air Elementalist on Apr 14, 2023.
             Slain by a giant cockroach (2 damage)
             ... on level 1 of the Dungeon.
             The game lasted 00:01:17 (87 turns).

Nonny the Gusty (Vine Stalker Air Elementalist)       Turns: 87, Time: 00:01:17

Health: -1/9       AC:  2    Str: 10    XL:     1   Next: 80%
Magic:  0/4        EV: 12    Int: 15    God:
Gold:   0          SH:  0    Dex: 14    Spells: 3/4 levels left

rFire   . . .      SeeInvis .   (no weapon)
rCold   . . .      Faith    .   (no shield)
rNeg    . . .      Spirit   +   a - +0 robe
rPois   .          Reflect  .   (no helmet)
rElec   .          Harm     .   (no cloak)
rCorr   .          Rampage  .   (no gloves)
Will    .....                   (no boots)
Stlth   ++........              (no amulet)
HPRegen 0.03/turn               (no ring)
MPRegen 0.09/turn               (no ring)

@: no status effects
A: fangs 2, magic shield, antimagic bite, no potion heal 2
a: no special abilities


You were on level 1 of the Dungeon.
You visited 1 branch of the dungeon, and saw 1 of its levels.

Inventory:

Armour
 a - a +0 robe (worn)
Potions
 b - a potion of haste {unknown}


   Skills:
 - Level 1.5 Dodging
 * Level 2.8 Stealth
 + Level 2.3 Spellcasting
 - Level 1.0 Conjurations
 + Level 3.1 Air Magic


You had 3 spell levels left.
You knew the following spells:

 Your Spells              Type           Power      Damage    Failure   Level
a - Shock                 Conj/Air       28%        1d4       10%         1

Your spell library contained the following spells:

 Spells                   Type           Power      Damage    Failure   Level
 Magic Dart               Conj           16%        1d3       14%         1
 Static Discharge         Conj/Air       7%         N/A       14%         2
 Swiftness                Air            11%        N/A       19%         3
 Searing Ray              Conj           8%         2d4       22%         2
 Airstrike                Air            5%         N/A       52%         4
 Fulminant Prism          Conj/Hex       1%         3d6       86%         4


Dungeon Overview and Level Annotations

Branches:
Dungeon (1/15)

Altars:


Innate Abilities, Weirdness & Mutations

You have extremely sharp teeth.
When hurt, damage is shared between your health and your magic reserves.
Your bite disrupts and absorbs the magic of your enemies.
Potions cannot restore your health.


Message History

Unknown command.
Casting: Shock (safe; 10% risk of failure)
Confirm with . or Enter, or press ? or * to list all spells.
Aiming: Shock (safe; 10% risk of failure)
Press: ? - help, Shift-Dir - straight line The zap misses the goblin.
The zap hits the goblin.
The goblin is heavily wounded.
The zap misses the goblin.
The zap hits the goblin.
You kill the goblin!
Unknown command.
Unknown command.
You barely miss the goblin.
The goblin is heavily wounded.
The goblin hits you with a +0 dagger.
You closely miss the goblin. You bite the goblin.
You kill the goblin!
Unknown command.
The giant cockroach bites you.
Things that are here:
a +0 dagger; a +0 club; a goblin corpse
Things that are here:
a +0 dagger; a goblin corpse The giant cockroach bites you.
* * * LOW HITPOINT WARNING * * *
The giant cockroach bites you but does no damage.
You hit the giant cockroach but do no damage.
Your bite misses the giant cockroach. The giant cockroach bites you.
* * * LOW HITPOINT WARNING * * *
The giant cockroach closely misses you.
You hit the giant cockroach but do no damage.
The giant cockroach bites you but does no damage.
You hit the giant cockroach but do no damage.
Your bite misses the giant cockroach. The giant cockroach bites you.
You closely miss the giant cockroach. Your bite misses the giant cockroach.
The giant cockroach waves its antennae.
The giant cockroach misses you.
You barely miss the giant cockroach. Your bite misses the giant cockroach.
The giant cockroach bites you. The giant cockroach bites you.
You die...

.## .#. ####### ##
... #.....#### .#
...### #..⌠.....##.#
.....####.........#.#
..!....#......#.@...#
..............###B..#
.....)).#..<..# ##g.#
..............###..##
..>....#......#.g..#
......###.........##
......# #..⌠.....##
.....## #.....####
###### #######


You could see a giant cockroach and a hobgoblin.

Vanquished Creatures
  A bat (D:1)
  3 goblins (D:1)
4 creatures vanquished.

Notes
Turn   | Place    | Note
-------+----------+-------------------------------------------
     0 | D:1      | Nonny the Vine Stalker Air Elementalist began the quest for
                  | the Orb.
     0 | D:1      | Reached XP level 1. HP: 9/9 MP: 4/4
     6 | D:1      | Book of Conjurations
     6 | D:1      | Starting vault: two dry fountains. That's it, I figure.
    87 | D:1      | Slain by a giant cockroach

Illustrated notes

#######
#.....####
#..⌠.....## .
##..@......#
...#......#....
..........# .
.....#..<..#
...........#
....#......#
... ##......^
... #..⌠.....
#.....####


Turn 6 on D:1: Book of Conjurations

Levels and vault maps discovered:
D:1:      dpeg_arrival_arbitrary_c, layout_rooms

Action                   || total
-------------------------++-------
Melee: Unarmed           ||     9
       Bite              ||     2
 Cast: Shock             ||     2
Armor: Robe              ||     5
Dodge: Dodged            ||     7
